Map: Alcyone LE

Players

SKillous

  • Race: Protoss Protoss
  • League: Grandmaster
  • Spawn Location: 7:00

ProtossFan (uThermal) - Winner!

  • Race: Terran Terran
  • League: Grandmaster
  • Spawn Location: 1:00

Event: HomeStory Cup XXV

VOD

Have the link to the VOD?

Description

Time

  • Played on: June 21, 2024, 11:39 a.m.
  • Length: 12:38

All games in this series

Show
View Real Time Build Order
Export as new Build Order

SKillous Protoss 

Build Orders: 1 Gate Expand, Blink Stalkers 

Get SALT Encoding   

  12  0:00  Probe  
  13  0:12  Probe  
  14  0:17  Pylon  
  14  0:24  Probe (Chrono Boost)  
  15  0:36  Probe (Chrono Boost)  
  15  0:37  Gateway  
  16  0:45  Assimilator, Probe (Chrono Boost)  
  17  0:50  Probe  
  18  1:03  Probe  
  19  1:15  Probe  
  20  1:24  Cybernetics Core  
  20  1:33  Nexus  
  20  1:36  Probe  
  21  1:42  Pylon  
  21  1:48  Assimilator  
  21  1:49  Probe  
  22  1:58  Adept (Chrono Boost)  
  22  2:01  Warp Gate, Probe  
  25  2:13  Probe  
  26  2:18  Adept (Chrono Boost)  
  28  2:25  Probe  
  28  2:35  Twilight Council  
  28  2:39  Probe (Chrono Boost)  
  28  2:40  Stalker  
  31  2:45  Probe (Chrono Boost)  
  33  2:54  Gateway, Probe (Chrono Boost)  
  33  2:55  Probe (Chrono Boost)  
  34  3:01  Probe x2  
  34  3:04  Blink (Chrono Boost)  
  36  3:13  Probe x2  
  38  3:21  Pylon  
  38  3:26  Probe  
  39  3:28  Probe  
  39  3:29  Robotics Facility  
  40  3:38  Probe  
  40  3:40  Probe  
  42  3:42  Gateway  
  42  3:50  Stalker x2, Probe  
  42  3:52  Probe  
  48  3:57  Pylon  
  48  4:02  Probe  
  49  4:12  Nexus  
  49  4:16  Observer  
  50  4:19  Stalker  
  50  4:21  Stalker  
  54  4:25  Probe x2  
  54  4:29  Pylon  
  56  4:33  Observer  
  56  4:36  Assimilator  
  56  4:37  Probe  
  58  4:40  Stalker  
  58  4:41  Probe  
  58  4:43  Pylon  
  61  4:49  Probe  
  62  4:56  Shield Battery  
  62  4:57  Stalker x2  
  62  5:01  Shield Battery  
  62  5:12  Stalker, Pylon  
  62  5:13  Pylon  
  64  5:21  Stalker  
  65  5:24  Stalker  
  65  5:25  Probe  
  65  5:26  Probe  
  69  5:38  Probe (Chrono Boost)  
  69  5:43  Probe (Chrono Boost)  
  69  5:47  Nexus  
  69  5:48  Probe (Chrono Boost)  
  70  5:53  Probe x2 (Chrono Boost)  
  72  5:57  Charge (Chrono Boost)  
  72  5:59  Nexus  
  72  6:00  Pylon  
  73  6:04  Probe  
  73  6:05  Probe  
  73  6:08  Forge  
  74  6:16  Probe  
  74  6:17  Probe  
  68  6:23  Gateway x2, Sentry x2  
  72  6:28  Probe  
  72  6:29  Probe  
  72  6:32  Protoss Ground Weapons Level 1 (Chrono Boost)  
  74  6:34  Gateway, Observer  
  74  6:36  Gateway, Observer  
  74  6:38  Gateway  
  75  6:43  Probe x2  
  77  6:47  Shield Battery  
  77  6:55  Probe  
  77  6:56  Pylon  
  77  6:59  Stalker x2  
  81  7:01  Stalker  
  83  7:14  Gateway  
  83  7:15  Gateway  
  83  7:21  Probe x4  
  87  7:24  Zealot x4  
  87  7:26  Pylon  
  95  7:31  Shield Battery  
  95  7:41  Zealot x4  
  89  7:45  Stalker x2  
  89  7:46  Zealot  
  83  7:58  Zealot  
  77  7:59  Probe  
  77  8:00  Probe  
  77  8:03  Zealot x4  
  76  8:07  Probe (Chrono Boost)  
  76  8:11  Probe (Chrono Boost)  
  76  8:12  Probe (Chrono Boost)  
  73  8:13  Probe (Chrono Boost)  
  73  8:19  Probe (Chrono Boost)  
  75  8:21  Zealot x4, Sentry  
  75  8:22  Probe (Chrono Boost)  
  75  8:23  Probe (Chrono Boost)  
  75  8:25  Probe (Chrono Boost)  
  75  8:26  Probe (Chrono Boost)  
  89  8:27  Probe (Chrono Boost)  
  89  8:30  Probe  
  89  8:33  Probe  
  92  8:37  Probe  
  92  8:39  Probe  
  94  8:41  Warp Prism (Chrono Boost)  
  94  8:42  Probe  
  94  8:46  Probe  
  98  8:49  Probe  
  98  8:55  Stalker x3  
  105  8:57  Pylon  
  105  8:58  Protoss Ground Armor Level 1 (Chrono Boost)  
  105  9:07  Zealot x6  
  105  9:17  Zealot  
  105  9:18  Observer (Chrono Boost)  
  105  9:21  Stalker x3  
  105  9:23  Probe x3  
  107  9:39  Pylon  
  107  9:41  Pylon  
  107  9:42  Pylon  
  107  9:43  Probe  
  95  9:50  Zealot x3  
  99  9:54  Probe  
  99  9:56  Probe  
  99  9:58  Zealot  
  98  10:04  Zealot x3  
  98  10:05  Zealot  
  106  10:08  Gateway  
  106  10:11  Gateway  
  106  10:13  Gateway  
  106  10:20  Shield Battery  
  102  10:22  Probe  
  102  10:23  Zealot x6  
  102  10:27  Zealot x4  
  121  10:34  Protoss Ground Weapons Level 2 (Chrono Boost)  
  121  10:41  Pylon  
  113  10:48  Nexus  
  113  10:49  Pylon  
  110  10:53  Sentry  
  110  10:54  Zealot x9  
  124  11:12  Zealot x3  
  124  11:17  Zealot x9  
  136  11:29  Zealot  
  119  11:35  Zealot x3  
  99  11:42  Zealot x9  
  99  11:45  Zealot x3  
  108  11:53  Zealot  
  84  12:02  Stalker x4  
  84  12:03  Sentry x2  
  94  12:13  Zealot x2  
  98  12:21  Zealot x3  
  84  12:25  Zealot  
  66  12:32  Zealot x3  
  66  12:35  Zealot  
Show
View Real Time Build Order
Export as new Build Order

ProtossFan Terran - Winner!

Build Orders:  

Get SALT Encoding   

  12  0:00  SCV  
  13  0:12  SCV  
  14  0:16  Supply Depot  
  14  0:24  SCV  
  15  0:38  SCV  
  15  0:39  Barracks  
  15  0:42  Refinery  
  16  0:50  SCV  
  17  1:02  SCV  
  18  1:14  SCV  
  19  1:25  Marine  
  19  1:26  Orbital Command  
  20  1:41  Command Center  
  20  1:44  Barracks Reactor  
  20  1:52  SCV  
  21  1:54  Supply Depot  
  21  2:05  SCV  
  21  2:08  Barracks  
  22  2:17  SCV  
  22  2:19  Marine x2  
  25  2:24  Barracks  
  25  2:29  SCV  
  26  2:38  Marine x2  
  26  2:41  SCV, Bunker  
  29  2:56  Marine x2  
  29  2:57  Barracks Tech Lab  
  29  2:58  SCV  
  32  2:59  Orbital Command  
  32  3:10  SCV  
  32  3:11  Barracks Tech Lab  
  33  3:15  Marine x2  
  33  3:16  Marine  
  33  3:17  Stimpack  
  36  3:22  SCV  
  38  3:29  Combat Shield, Marine  
  38  3:32  Marine  
  38  3:33  Marine  
  41  3:34  Marine  
  41  3:36  Supply Depot  
  41  3:37  SCV  
  41  3:39  SCV  
  43  3:46  Supply Depot  
  43  3:48  Marine  
  44  3:50  Marine  
  44  3:51  Marine  
  44  3:54  Supply Depot  
  46  3:58  SCV, Marauder  
  46  4:00  SCV  
  50  4:06  Marauder  
  50  4:08  Marine  
  50  4:09  Marine  
  54  4:10  SCV  
  54  4:13  Refinery  
  54  4:14  SCV  
  56  4:20  Factory  
  56  4:21  Marine  
  56  4:22  SCV  
  58  4:26  SCV, Marine x2  
  61  4:31  Supply Depot  
  61  4:34  SCV, Marine  
  63  4:38  SCV  
  63  4:42  Marine  
  63  4:43  Engineering Bay  
  65  4:46  SCV, Marine  
  65  4:49  Concussive Shells  
  65  4:51  SCV  
  65  4:52  Marauder  
  70  4:56  Refinery  
  70  4:58  SCV  
  70  5:01  Supply Depot  
  70  5:03  SCV  
  69  5:10  Starport, Factory Reactor  
  69  5:11  Marine  
  69  5:15  Supply Depot, SCV  
  68  5:26  Marine  
  68  5:27  SCV, Marauder  
  69  5:30  Marine  
  69  5:31  Marauder  
  69  5:35  SCV, Terran Infantry Weapons Level 1  
  64  5:39  SCV  
  59  5:44  Marine  
  59  5:47  SCV  
  59  5:48  Marauder  
  59  5:49  Bunker  
  63  5:52  Marine  
  63  5:53  Marauder  
  63  5:54  SCV  
  63  5:55  Refinery  
  67  5:57  Medivac  
  67  6:02  Marine  
  67  6:03  SCV  
  70  6:05  Medivac  
  70  6:06  SCV  
  70  6:10  Marine, Marauder  
  76  6:14  Marine  
  76  6:15  SCV  
  73  6:18  SCV  
  73  6:20  Marine  
  75  6:27  SCV  
  75  6:28  Marine  
  75  6:30  Command Center  
  75  6:31  Marauder  
  75  6:32  Medivac  
  81  6:35  SCV  
  81  6:36  Marine, Factory Reactor  
  81  6:38  Marine  
  81  6:39  SCV  
  85  6:45  Supply Depot  
  85  6:46  Marine  
  87  6:47  SCV  
  87  6:50  Barracks  
  87  6:51  SCV  
  87  6:52  Marine  
  87  6:53  Barracks  
  89  6:59  Marine  
  89  7:00  Marauder  
  92  7:03  Supply Depot x2, SCV  
  92  7:04  Marine  
  94  7:08  Medivac  
  94  7:09  Medivac  
  94  7:10  Marauder  
  94  7:11  SCV  
  101  7:17  Marine  
  101  7:18  Supply Depot  
  102  7:24  SCV  
  102  7:25  SCV, Marauder, Widow Mine x2  
  102  7:27  Marine  
  102  7:28  Supply Depot  
  111  7:36  SCV  
  112  7:41  Medivac x2  
  113  7:45  Marine  
  113  7:46  Barracks Tech Lab, Marauder x2  
  113  7:50  Barracks Tech Lab, SCV x2  
  119  7:53  Marine  
  118  7:58  SCV  
  118  8:03  SCV, Marine  
  118  8:04  SCV  
  111  8:07  Marauder  
  111  8:11  Medivac x2  
  115  8:12  Marine  
  115  8:15  Marine x2  
  115  8:17  Widow Mine  
  115  8:19  Widow Mine  
  122  8:21  Marine  
  122  8:22  Marine  
  124  8:30  Marine  
  124  8:31  Marine, Bunker  
  126  8:35  Orbital Command  
  126  8:36  Marine, Marauder  
  126  8:39  Marine, Missile Turret, Widow Mine  
  126  8:41  Marine, Widow Mine  
  134  8:47  Supply Depot  
  135  8:48  Marine x2  
  135  8:53  Marine, Terran Infantry Armor Level 1  
  138  8:57  Marine x2  
  138  8:58  Ghost Academy  
  138  8:59  Marine  
  138  9:00  Widow Mine  
  138  9:02  Widow Mine  
  145  9:06  Medivac  
  145  9:14  Medivac  
  145  9:15  Marine, Marauder  
  143  9:21  Widow Mine  
  143  9:24  Widow Mine  
  147  9:29  Marine  
  147  9:30  Marauder  
  145  9:34  Marine, Marauder  
  145  9:36  Marine, Medivac  
  145  9:37  Marauder  
  146  9:43  Widow Mine  
  146  9:44  Medivac  
  146  9:45  Widow Mine  
  141  9:47  Marine  
  141  9:51  Marine, Marauder  
  141  9:58  Marine x2  
  141  9:59  Marauder, Command Center  
  144  10:04  Widow Mine  
  144  10:06  Widow Mine  
  147  10:14  Marine x2  
  147  10:15  Marauder  
  147  10:16  Marauder  
  147  10:18  Supply Depot  
  147  10:19  SCV  
  150  10:21  Liberator x2  
  150  10:23  Marine  
  150  10:26  Widow Mine  
  150  10:27  Marine  
  150  10:28  Widow Mine  
  150  10:30  Missile Turret  
  150  10:33  Marine  
  150  10:34  Missile Turret  
  148  10:36  SCV, Marauder  
  148  10:38  Marine  
  148  10:39  Marauder  
  148  10:40  SCV  
  148  10:41  SCV, Marine  
  154  10:45  Marine  
  154  10:47  Widow Mine  
  155  10:50  SCV  
  155  10:51  Marine  
  155  10:56  Marine  
  158  10:57  Marauder  
  158  10:59  Marine  
  158  11:00  Marauder  
  158  11:02  Supply Depot  
  158  11:03  Supply Depot, Marine  
  164  11:04  Medivac x2  
  164  11:09  Marine, Widow Mine  
  168  11:14  Marine  
  168  11:17  Widow Mine  
  168  11:18  Marine, Marauder  
  167  11:21  Marauder  
  167  11:24  Marine  
  165  11:29  Marine  
  159  11:34  Liberator, Medivac  
  159  11:35  Marine  
  159  11:39  Marine  
  162  11:44  Marine x2  
  162  11:46  Marine  
  151  11:58  Marine x2  
  151  11:59  Marauder  
  148  12:02  Marine, Marauder  
  148  12:03  SCV  
  148  12:05  SCV  
  148  12:08  Marine  
  154  12:14  SCV  
  152  12:16  Marine x2  
Tags
 
Add a new tag
Caveats
  • Supply blocks, unpowered buildings, or Contaminate may cause inaccurate times.
  • Supply counts are checked every 10 seconds.